AoeStats
← Sir.Leberwurst

Arabia

504467610Analyzed
1v1 RM · 28d ago on Sep 5, 2026· 48m 4s· 2 players
Game mode
Random Map
Map size
Tiny (2 player)
Population
200
Speed
Normal
Resources
Standard
Victory
Conquest
Starting age
Dark Age
Ending age
Imperial Age
RankedLock teamsTeams togetherTeam positionsShared explorationLock speedFull tech treeHidden civsTurbo modeCheats
Victory
Defeat
🇨🇭 Persians · Switzerland
964
+15
🇩🇪 Shu · Germany
948
-15
Sir.Leberwurst
9:44 Loom
11:37 Feudal Age
9:53 Loom
11:43 Feudal Age
12:58 Double-Bit Axe
13:02 Horse Collar
20:34 Fletching
22:49 Castle Age
21:36 Padded Archer Armor
21:59 Gold Mining
23:10 Scale Mail Armor
22:56 Crossbowman
23:02 Pikeman
24:04 Bodkin Arrow
24:08 Town Watch
25:18 Bow Saw
30:48 Elite Skirmisher
32:22 Heavy Plow
32:40 Thumb Ring
38:46 Wheelbarrow
39:52 Chain Mail Armor
41:38 Leather Archer Armor
45:18 Imperial Age
Caesar_2
6:25 Loom
9:12 Feudal Age
15:24 Double-Bit Axe
17:59 Bloodlines
22:00 Castle Age
23:37 Bow Saw
23:12 Horse Collar
24:16 Wheelbarrow
24:53 Scale Barding Armor
27:03 Gold Mining
27:04 Stone Mining
27:35 Forging
28:13 Fletching
32:02 Chain Barding Armor
31:39 Bodkin Arrow
32:51 Parthian Tactics
40:56 Imperial Age
38:46 Hand Cart
38:18 Town Watch
42:34 Thumb Ring
43:20 Plate Barding Armor
43:28 Cavalier
Connection lost

Rejoining the realm…

Still unreachable

The connection could not be restored.

Session expired

The server has moved on; the page needs a fresh start.